 Dungeon Crawl Stone Soup version 0.20-a0-59-g66a9409 (webtiles) character file.

9378 KristoblXynda the Covert (level 11, -4/47 HPs)
             Began as a Spriggan Enchanter on Nov 16, 2016.
             Was a Follower of Ashenzari.
             Slain by an ogre
             ... wielding a +0 giant spiked club
              (28 damage)
             ... on level 11 of the Dungeon.
             The game lasted 00:27:13 (11728 turns).

KristoblXynda the Covert (Spriggan Enchanter)      Turns: 11728, Time: 00:27:14

Health: -4/47      AC:  4    Str: 10    XL:     11   Next: 22%
Magic:  22/27      EV: 18    Int: 20    God:    Ashenzari [*.....]
Gold:   849        SH:  0    Dex: 20    Spells: 5 memorised, 20 levels left

rFire  . . .     SeeInvis +     f - +9 dagger (distort) (curse)
rCold  . . .     Gourm    .     b - +2 robe
rNeg   . . .     Faith    .     (shield restricted)
rPois  .         Spirit   .     (helmet restricted)
rElec  .         Reflect  .     (no cloak)
rCorr  .         Harm     .     (gloves unavailable)
MR     +....                    (boots unavailable)
Stlth  ++++++....               u - amulet of magic regeneration
                                q - +5 ring of strength (curse)
                                C - +4 ring of dexterity

@: very quick
A: unfitting armour, see invisible, herbivore 3, speed 3, slow metabolism 2
a: Curse Item, Scrying, Renounce Religion


You were on level 11 of the Dungeon.
You worshipped Ashenzari.
Ashenzari was aware of your devotion.
You were hungry.

You visited 2 branches of the dungeon, and saw 12 of its levels.
You also visited: Sewer.

You collected 849 gold pieces.

Inventory:

Hand Weapons
 f - a cursed +9 dagger of distortion (weapon)
Armour
 b - a +2 robe (worn)
Jewellery
 k - an uncursed ring of resist corrosion
 m - an uncursed ring of protection from magic
 q - a cursed +5 ring of strength (right hand)
 u - an amulet of magic regeneration (around neck)
 C - a +4 ring of dexterity (left hand)
Wands
 w - a wand of iceblast (0/15)
 I - a wand of disintegration (0/24)
Scrolls
 l - 2 scrolls of enchant armour
 o - 3 scrolls of teleportation
 r - 2 scrolls of fear
 y - a scroll of silence
 E - a scroll of amnesia
Potions
 a - a potion of resistance
 e - a potion of cancellation
 g - a potion of ambrosia
 h - a potion of flight
 j - a potion of haste
 n - 6 potions of agility
 p - 3 potions of cure mutation
 s - 2 potions of magic {unknown}
 t - 2 potions of brilliance {unknown}
 v - a potion of invisibility
 z - 5 potions of curing {unknown}
 A - 2 potions of lignification
 B - 2 potions of might {unknown}
 F - a potion of heal wounds
Books
 c - a book of Maledictions

   Spells                             Type                      Level
   a - Corona                         Hexes                        1
   b - Ensorcelled Hibernation        Hexes/Ice                    2
   c - Confuse                        Hexes                        3
   d - Tukima's Dance                 Hexes                        3
   e - Dazzling Spray                 Conjuration/Hexes            3
 G - a book of Minor Magic

   Spells                             Type                      Level
   a - Magic Dart                     Conjuration                  1
   b - Blink                          Translocation                2
   c - Call Imp                       Summoning                    2
   d - Repel Missiles                 Charms/Air                   2
   e - Slow                           Hexes                        2
   f - Conjure Flame                  Conjuration/Fire             3
   g - Mephitic Cloud                 Conjuration/Poison/Air       3
Comestibles
 d - 7 bread rations
 x - 2 royal jellies
 D - 10 slices of pizza


   Skills:
 - Level 3.1 Short Blades
 - Level 3.0 Dodging
 + Level 14.4 Stealth
 + Level 11.4 Spellcasting
 + Level 11.6 Hexes
 + Level 4.8 Charms
 - Level 2.0 Ice Magic
 - Level 5.2 Evocations


You had 20 spell levels left.
You knew the following spells:

 Your Spells              Type           Power        Failure   Level  Hunger
a - Tukima's Dance        Hex            ######..     1%          3    None
b - Ensorcelled Hibernat  Hex/Ice        #####.       1%          2    None
c - Confuse               Hex            ######..     1%          3    None
d - Blink                 Tloc           N/A          12%         2    None
e - Repel Missiles        Chrm/Air       ###...       3%          2    None


Dungeon Overview and Level Annotations

Branches:
Dungeon (11/15)            Temple (1/1) D:6            Lair (0/6) D:11
    Orc (0/2) D:11

Altars:
Ashenzari
Cheibriados
Dithmenos
Fedhas
Hepliaklqana
Kikubaaqudgha
Makhleb
Ru
Xom
Yredelemnul
Zin


Innate Abilities, Weirdness & Mutations

You are very small and have problems with some larger weapons.
You are too small for most types of armour.
You have supernaturally acute eyesight. (SInv)
You are a herbivore.
You cover ground extremely quickly.
You need consume almost no food.


Message History

The killer bee stings you but does no damage.
Casting: Ensorcelled Hibernation
Confirm with . or Enter, or press ? or * to list all spells.
Aiming: Ensorcelled Hibernation
Press: ? - help, Shift-Dir - straight line, f/p - ogre
Aim: an ogre, wielding a giant spiked club (chance to defeat MR: 66%)
The killer bee struggles to resist.
The killer bee closely misses you. The killer bee misses you.
Casting: Ensorcelled Hibernation
Confirm with . or Enter, or press ? or * to list all spells.
Aiming: Ensorcelled Hibernation
Press: ? - help, Shift-Dir - straight line, f/p - ogre
Aim: an ogre, wielding a giant spiked club (chance to defeat MR: 66%)
The killer bee looks drowsy...
The helpless killer bee fails to defend itself.
You spit the killer bee like a pig!!!!
You kill the killer bee!
The ogre hits you with a giant spiked club!!
Ouch! That really hurt!
You die...

#.# #....P..........# #.#
#.......>.......# ..#
##........y....'##### #####+##
##...P...)...#...... #......#
##..O......##...... #......#
###.....####...### #......#
###.#..'.>...##.
#......############....##.....#.[
'......#).......@O..#####..)..)..
#......))############ #####....
#...>..### ##... #......# ##..
######## ##8 ##


You could see an ogre.

Vanquished Creatures
  A hill giant (D:10)
  An unseen horror (D:11)
  An ugly thing (D:8)
  A manticore (D:11)
  An elephant (D:11)
  A centaur zombie (D:10)
  2 kobold demonologists (D:11)
  2 trolls
  A two-headed ogre (D:8)
  A hippogriff (D:9)
  A wyvern (D:8)
  A yak (D:11)
  A human (D:8)
  4 hogs (D:8)
  A steam dragon (D:8)
  Edmund (D:6)
  A water moccasin (D:5)
  2 ice beasts
  2 black bears
  3 sky beasts
  5 orc warriors
  3 ogres
  2 phantoms
  2 crocodiles
  The ghost of Nuatha the Cudgeler, an amateur OpGl (Sewer)
  2 big kobolds
  3 bullfrogs
  4 scorpions
  6 wights
  2 killer bees (D:11)
  A bullfrog zombie (D:9)
  3 crimson imps
  4 hounds
  A jelly (D:8)
  A bullfrog skeleton (D:9)
  8 orc priests
  A centaur skeleton (D:10)
  3 iguanas
  14 orc wizards
  7 worker ants
  A killer bee zombie (D:5)
  A hound zombie (D:7)
  A hound skeleton (D:5)
  8 adders
  2 shadow imps
  3 oozes
  An adder skeleton (D:8)
  3 worms
  2 dart slugs
  9 leopard geckos
  47 orcs
  3 ball pythons
  6 giant cockroaches
  7 goblins
  10 hobgoblins
  8 jackals
  2 quokkas
  7 bats
  6 frilled lizards
  11 kobolds
  A quokka zombie (D:7)
  18 rats
259 creatures vanquished.

Vanquished Creatures (others)
  A centaur (D:10)
  A necrophage (D:8)
  A crimson imp (D:5)
  An iguana (D:11)
  A worker ant (D:9)
  3 orc wizards
  An adder (D:9)
  An orc (D:10)
  A fungus (D:11)
11 creatures vanquished.

Grand Total: 270 creatures vanquished

Notes
Turn   | Place    | Note
-------+----------+-------------------------------------------
     0 | D:1      | KristoblXynda the Spriggan Enchanter began the quest for the Orb.
     0 | D:1      | Reached XP level 1. HP: 9/9 MP: 5/5
   291 | D:1      | Reached XP level 2. HP: 10/13 MP: 6/6
   310 | D:1      | Learned a level 2 spell: Ensorcelled Hibernation
  1688 | D:2      | Reached XP level 3. HP: 16/16 MP: 9/9
  1694 | D:2      | Learned a level 3 spell: Confuse
  1919 | D:2      | Reached skill level 5 in Stealth
  2275 | D:2      | Found a faded altar of an unknown god.
  2415 | D:2      | Found a burning altar of Makhleb.
  2415 | D:2      | Noticed a balrug
  2418 | D:2      | Noticed a smoke demon
  2418 | D:2      | Noticed a neqoxec
  2621 | D:2      | Reached XP level 4. HP: 17/21 MP: 1/11
  3110 | D:3      | Found a glowing drain.
  3152 | Sewer    | Entered a sewer
  3500 | Sewer    | Noticed Nuatha's ghost (amateur OpGl)
  3507 | Sewer    | Killed Nuatha's ghost
  3507 | Sewer    | Reached skill level 6 in Stealth
  3507 | Sewer    | Reached skill level 5 in Hexes
  3507 | Sewer    | Reached XP level 5. HP: 24/24 MP: 5/13
  3517 | Sewer    | Noticed a crocodile
  3533 | Sewer    | Killed a crocodile
  3655 | D:3      | Reached XP level 6. HP: 28/28 MP: 8/14
  3757 | D:3      | Reached skill level 5 in Spellcasting
  4595 | D:4      | Reached skill level 7 in Stealth
  4839 | D:4      | Reached XP level 7. HP: 23/32 MP: 13/16
  5234 | D:4      | Found a shadowy altar of Dithmenos.
  5238 | D:4      | Found an ancient bone altar of Kikubaaqudgha.
  5242 | D:4      | Found a sacrificial altar of Ru.
  5624 | D:5      | Entered Level 5 of the Dungeon
  5632 | D:5      | Reached skill level 1 in Ice Magic
  5701 | D:5      | Reached skill level 8 in Stealth
  6081 | D:5      | Found a burning altar of Makhleb.
  6140 | D:5      | Reached XP level 8. HP: 24/36 MP: 1/18
  6762 | D:5      | Found a snail-covered altar of Cheibriados.
  6820 | D:5      | Reached skill level 9 in Stealth
  7387 | D:6      | Noticed Edmund
  7400 | D:6      | Killed Edmund
  7506 | D:6      | Reached skill level 10 in Stealth
  7513 | D:6      | Learned a level 3 spell: Tukima's Dance
  7513 | D:6      | Found a staircase to the Ecumenical Temple.
  7529 | Temple   | Entered the Ecumenical Temple
  7552 | Temple   | Became a worshipper of Ashenzari the Shackled
  8328 | D:8      | Reached XP level 9. HP: 39/39 MP: 22/22
  8398 | D:8      | Reached skill level 11 in Stealth
  8735 | D:8      | Noticed a green ugly thing
  8940 | D:8      | Reached skill level 12 in Stealth
  9024 | D:8      | Reached skill level 10 in Hexes
  9024 | D:8      | Reached skill level 1 in Evocations
  9497 | D:8      | Reached XP level 10. HP: 44/44 MP: 20/24
  9627 | D:8      | Killed a green ugly thing
  9627 | D:8      | Reached skill level 10 in Spellcasting
  9775 | D:9      | Reached skill level 13 in Stealth
 10021 | D:9      | Learned a level 2 spell: Blink
 10024 | D:9      | Learned a level 2 spell: Repel Missiles
 10122 | D:9      | Reached * piety under Ashenzari
 10163 | D:10     | Entered Level 10 of the Dungeon
 10290 | D:10     | Noticed a hill giant
 10309 | D:10     | Killed a hill giant
 10309 | D:10     | Reached skill level 5 in Evocations
 10466 | D:10     | Reached skill level 1 in Charms
 10756 | D:11     | Found a staircase to the Lair.
 10756 | D:11     | Noticed an elephant
 10757 | D:11     | Noticed an unseen horror
 10758 | D:11     | Killed an unseen horror
 10771 | D:11     | Killed an elephant
 10771 | D:11     | Reached skill level 14 in Stealth
 10771 | D:11     | Reached XP level 11. HP: 47/47 MP: 20/27
 11398 | D:11     | Found a staircase to the Orcish Mines.
 11728 | D:11     | Slain by an ogre

Vault maps used:
D:1:      erik_arrival_orb_chamber, serial_bayou_lake_a
D:2:      ecumenical_altar_2, makhleb_altar_promises_db
D:3:      first_bread, portal_sewer_entry_f
D:4:      minmay_overflow_temple_star_quad, hangedman_decor_lopped
D:5:      lemuel_crystal_altar, kennysheep_mini_moat
D:6:      uniq_edmund
D:8:      grunt_livestock, basic_loot_grate_trap
D:10:     grunt_decor_cap
D:11:     david_lair_generic, david_orc_4, basic_altar
Temple:   eino_temple_scatter_basement
Sewer:    sewer_the_crocodile

Skill      XL: |  1  2  3  4  5  6  7  8  9 10 11 |
---------------+----------------------------------+-----
Spellcasting   | 3 4 5 6 8 9 11 | 11.4
Hexes          | 4 5 6 8 10 11 | 11.6
Stealth        | 5 6 7 8 10 12 14 | 14.4
Short Blades   | 2 3 |  3.1
Ice Magic      | 1 2 |  2.0
Evocations     | 2 5 |  5.2
Charms         | 3 4 |  4.8
Dodging        | |  3.0

Action                   |  1- 3 |  4- 6 |  7- 9 | 10-12 || total
-------------------------+-------+-------+-------+-------++-------
Melee: Dagger            |   168 |   289 |   197 |   167 ||   821
 Cast: Ensorcelled Hiber |    23 |    43 |     6 |    34 ||   106
       Confuse           |       |     7 |    67 |     9 ||    83
Invok: Curse Item        |       |       |     2 |       ||     2
Evoke: Wand              |       |       |     5 |     2 ||     7
  Use: Scroll            |       |    12 |    18 |     4 ||    34
       Potion            |       |     2 |     1 |     1 ||     4
 Stab: Sleeping          |    17 |    29 |    25 |    31 ||   102
       Confused          |       |     4 |    23 |     4 ||    31
       Distracted        |       |       |     1 |     1 ||     2
  Eat: Royal jelly       |       |     1 |       |       ||     1
       Pizza             |       |     1 |       |       ||     1
       Bread ration      |       |     1 |       |       ||     1
       Fruit             |       |       |       |     2 ||     2
Armor: Robe              |    24 |    29 |    14 |    17 ||    84
       Skin              |       |     9 |       |       ||     9
Dodge: Dodged            |   134 |   193 |   121 |   127 ||   575
